 Dungeon Crawl Stone Soup version 0.20-a0-435-gf4ea4dd (webtiles) character file.

47 Stral the Skirmisher (level 3, -1/24 HPs)
             Began as a Gargoyle Fighter on Jan 5, 2017.
             Killed from afar by Ijyb (5 damage)
             ... with a wand of lightning (?/15)
             ... on level 2 of the Dungeon.
             The game lasted 00:02:53 (1356 turns).

Stral the Skirmisher (Gargoyle Fighter)             Turns: 1356, Time: 00:02:54

Health: -1/24      AC: 10    Str: 25    XL:     3   Next: 70%
Magic:  3/3        EV:  9    Int:  8    God:
Gold:   62         SH:  0    Dex:  9    Spells: 2/2 levels left

rFire  + . .     SeeInvis .     a - +0 whip
rCold  + . .     Gourm    .     b - +0 scale mail
rNeg   + . .     Faith    .     (no shield)
rPois  ∞         Spirit   .     (no helmet)
rElec  +         Reflect  .     (no cloak)
rCorr  +         Harm     .     (no gloves)
MR     .....                    (no boots)
Stlth  ..........               (no amulet)
                                (no ring)
                                (no ring)

@: mighty, resistant, flying
A: negative energy resistance 1, electricity resistance, unbreathing,
petrification resistance, rot immunity, AC +3
a: no special abilities


You were on level 2 of the Dungeon.
You were not hungry.

You visited 1 branch of the dungeon, and saw 2 of its levels.

You collected 62 gold pieces.

Inventory:

Hand Weapons
 a - a +0 whip (weapon)
Armour
 b - a +0 scale mail (worn)
 s - a +0 cloak
Jewellery
 o - a +5 ring of protection {unknown}
 t - a cursed ring of teleportation {unknown}
 u - an uncursed amulet of rage {unknown}
Scrolls
 e - 2 scrolls of teleportation {unknown}
 l - 4 scrolls of identify {unknown}
 m - a scroll of magic mapping {unknown}
 n - a scroll of amnesia {unknown}
 r - 3 scrolls of blinking {unknown}
Potions
 c - a potion of degeneration {unknown}
 g - a potion of flight
 h - a potion of resistance
 j - a potion of curing {unknown}
 k - a potion of cancellation {unknown}
 p - 2 potions of heal wounds {unknown}
 q - a potion of brilliance {unknown}
Comestibles
 f - a bread ration
 i - 3 chunks of flesh
 v - a meat ration


   Skills:
 + Level 4.1 Fighting
 + Level 2.6 Maces & Flails
 + Level 3.5 Armour
   Level 3.5 Shields


You had 2 spell levels left.
You didn't know any spells.

Dungeon Overview and Level Annotations

Branches:
Dungeon (2/15)

Altars:
Elyvilon

Annotations:
D:2 Ijyb


Innate Abilities, Weirdness & Mutations

You are resistant to torment.
Your stone body is resilient. (AC +3)
You are immune to poison.
You resist negative energy. (rN+)
You are resistant to electric shocks. (rElec)
You can survive without breathing.
You are immune to petrification.
You are immune to rotting.


Message History

Ijyb closely misses you.
You whack Ijyb!
Ijyb is moderately wounded.
Ijyb barely misses you.
You completely miss Ijyb.
Ijyb is moderately wounded.
Ijyb hits you but does no damage.
You barely miss Ijyb.
Ijyb is moderately wounded.
Ijyb hits you but does no damage.
You barely miss Ijyb.
Ijyb is moderately wounded.
Ijyb hits you but does no damage.
You barely miss Ijyb.
Ijyb is moderately wounded.
Ijyb hits you but does no damage.
You whack Ijyb!
Ijyb is severely wounded.
Ijyb zaps a wand.
The bolt of lightning hits you! You resist.
You die...

.......((..))..#
.......####....#
......## ##.#.#
.....## ###.#
#...## #.##
##'## #..## #.#
#...# ##.##
###.# ....# #@#
#...# #$8g#
....# ......#
#...# ........#
#...# #.#.#.8##
....# # #_###
#...#### #
......<#
##.#####


You could see Ijyb.

Vanquished Creatures
  A worm (D:2)
  3 dart slugs
  2 leopard geckos (D:2)
  5 bats
  2 giant cockroaches (D:1)
  A goblin (D:1)
  7 hobgoblins
  A jackal (D:1)
  4 frilled lizards
  5 kobolds
  3 rats (D:1)
34 creatures vanquished.

Notes
Turn   | Place    | Note
-------+----------+-------------------------------------------
     0 | D:1      | Stral the Gargoyle Fighter began the quest for the Orb.
     0 | D:1      | Reached XP level 1. HP: 14/14 MP: 1/1
    63 | D:1      | Reached XP level 2. HP: 19/19 MP: 2/2
   422 | D:1      | Reached XP level 3. HP: 24/24 MP: 3/3
  1051 | D:2      | Reached skill level 4 in Fighting
  1329 | D:2      | Found a white marble altar of Elyvilon.
  1329 | D:2      | Noticed Ijyb
  1356 | D:2      | Killed from afar by Ijyb

Vault maps used:
D:1:      sevenhm_arrival_forest_fort_large_3, corexii_hall_statues_t,
          minmay_parallelograms, st_stairs_9
D:2:      minitemple, uniq_iyjb

Skill      XL: |  1  2  3 |
---------------+----------+-----
Fighting       | 4 |  4.1
Maces & Flails | |  2.6
Armour         | |  3.5
Shields        | |  3.5

Action                   || total
-------------------------++-------
Melee: Flail             ||    98
       Whip              ||    65
  Use: Potion            ||     3
  Eat: Chunk             ||     2
Armor: Scale mail        ||   109
Dodge: Dodged            ||    81
Block: Shield            ||    70
